 Dungeon Crawl Stone Soup version 0.28-a0-1387-g3a22ab9bdc (webtiles) character file.

Game seed: 9943903201521770276

1241 ReploidZero the Thaumaturge (level 8, -5/50 HPs)
             Began as a Djinni Conjurer on Jan 3, 2022.
             Slain by a water moccasin (6 damage)
             ... on level 5 of the Dungeon.
             The game lasted 00:23:18 (8442 turns).

ReploidZero the Thaumaturge (Djinni Conjurer)       Turns: 8442, Time: 00:23:19

Health: -5/50      AC:  2    Str:  6    XL:     8   Next: 78%
Gold:   304        EV: 12    Int: 22    God:
                   SH:  0    Dex: 12

rFire   + + .      SeeInvis .   f - +1 hand axe (freeze)
rCold   x . .      Faith    .   b - orb {light}
rNeg    . . .      Spirit   .   a - +0 robe
rPois   ∞          Reflect  .   (no helmet)
rElec   .          Harm     .   (no cloak)
rCorr   .          Rampage  .   (no gloves)
Will    .....                   (boots unavailable)
Stlth   +.........              (no amulet)
HPRegen 0.16/turn               (no ring)
MPRegen 0.00/turn               (no ring)

@: flying, glowing
A: sickness immunity, fire resistance 2, cold vulnerability 1, float, innate
caster, hp casting, extra vitality 1
a: no special abilities


You were on level 5 of the Dungeon.
You visited 1 branch of the dungeon, and saw 5 of its levels.

You collected 304 gold pieces.

Inventory:

Hand Weapons
 f - a +1 hand axe of freezing (weapon)
Armour
 a - a +0 robe (worn)
 b - an orb of light (worn)
Wands
 e - a wand of polymorph (9)
 j - a wand of flame (14)
Scrolls
 l - a scroll of enchant weapon {unknown}
Potions
 c - a potion of attraction {unknown}
 d - 2 potions of curing
 g - a potion of berserk rage {unknown}
 h - a potion of cancellation {unknown}
 i - a potion of invisibility
 k - 2 potions of heal wounds {unknown}
 m - a potion of lignification {unknown}
 n - a potion of brilliance


   Skills:
 - Level 2.1 Dodging
 - Level 1.5 Stealth
 + Level 8.4 Spellcasting


You had 3 spell levels left.
You knew the following spells:

 Your Spells              Type           Power      Damage    Failure   Level
a - Magic Dart            Conj           100%       1d8       1%          1
b - Searing Ray           Conj           92%        2d7       1%          2
c - Dazzling Flash        Conj/Hex       92%        N/A       1%          3
d - Fulminant Prism       Conj/Hex       23%        3d13      2%          4
e - Iskenderun's Mystic   Conj/Tloc      46%        2d10      2%          4
f - Animate Skeleton      Necr           92%        N/A       1%          1
g - Call Imp              Summ           46%        N/A       1%          2
h - Confusing Touch       Hex            46%        N/A       1%          3
Your spell library was empty.

Dungeon Overview and Level Annotations

Branches:
Dungeon (5/15)
 Temple: D:4-7

Altars:

Shops:
D:5 (


Innate Abilities, Weirdness & Mutations

You are immune to sickness and miasma.
You are immune to poison.
Your flesh is very heat resistant. (rF++)
You are vulnerable to cold. (rC-)
You float through the air rather than walking.
You learn spells naturally, not from books.
Your magical power is your life essence.
You have superior vitality. (+4 MHP)


Message History

The mystic blast hits the water moccasin!
The water moccasin is severely wounded.
The water moccasin is knocked back by the mystic blast.
Unknown command.
Aiming: Magic Dart (safe; 1% risk of failure)
Press: ? - help, Q - select action, (/) - cycle Shift-Dir - straight line, f - water moccasin
Aim: a water moccasin (severely wounded, slow, 100% to hit)
The magic dart hits the water moccasin but does no damage.
The water moccasin is severely wounded.
* * * LOW HITPOINT WARNING * * *
The water moccasin is no longer moving slowly.
Aiming: Magic Dart (safe; 1% risk of failure)
Press: ? - help, Q - select action, (/) - cycle Shift-Dir - straight line, f/p - water moccasin
Aim: a water moccasin (severely wounded, haloed, 100% to hit)
The magic dart hits the water moccasin.
The water moccasin is severely wounded.
* * * LOW HITPOINT WARNING * * *
Aiming: Magic Dart (safe; 1% risk of failure)
Press: ? - help, Q - select action, (/) - cycle Shift-Dir - straight line, f/p - water moccasin
Aim: a water moccasin (severely wounded, haloed, 100% to hit)
The magic dart hits the water moccasin.
The water moccasin is almost dead.
* * * LOW HITPOINT WARNING * * *
The water moccasin barely misses you.
Casting: Magic Dart (safe; 1% risk of failure)
Confirm with . or Enter, or press ? or * to list all spells.
You don't know that spell.
Unknown command.
Unknown command.
Unknown command.
Casting: Magic Dart (safe; 1% risk of failure)
Confirm with . or Enter, or press ? or * to list all spells.
You erupt in a blast of force!
The mystic blast hits the water moccasin but does no damage.
The water moccasin is almost dead.
* * * LOW HITPOINT WARNING * * *
The water moccasin bites you!
* * * LOW HITPOINT WARNING * * *
The water moccasin bites you.
You die...

#.........#...#...
#.........#...###'
#.........#...##..
#....######'####..
#....'........##..
#....#........##..
#....#...##...##..
#....#...#######..
#@...#....# ...
#....S....#....#
####
#.........######
#... ...........#
#... ...........#
#... ...........+
#... ...........#
#... ...........#
#... #...


You could see a water moccasin.

Vanquished Creatures
  Eustachio (D:4)
  2 black bears (D:5)
  4 ogres
  2 scorpions
  A howler monkey (D:5)
  A hound (D:4)
  Terence (D:2)
  A bullfrog skeleton (D:5)
  2 iguanas
  2 orc wizards (D:4)
  A scorpion zombie (D:5)
  A hound skeleton (D:4)
  A hound zombie (D:2)
  3 gnolls (D:4)
  8 adders
  4 worms
  3 dart slugs
  7 orcs
  4 ball pythons
  4 bats
  A bat skeleton (D:2)
  9 endoplasms
  3 giant cockroaches
  10 goblins
  10 hobgoblins
  2 jackals (D:1)
  6 quokkas
  6 frilled lizards
  A giant cockroach zombie (D:2)
  4 kobolds
  A quokka zombie (D:2)
  3 rats
109 creatures vanquished.

Vanquished Creatures (others)
  4 fulminant prisms
  2 withered plants (D:2)
6 creatures vanquished.

Grand Total: 115 creatures vanquished

Notes
Turn   | Place    | Note
-------+----------+-------------------------------------------
     0 | D:1      | ReploidZero the Djinni Conjurer began the quest for the
                  | Orb.
     0 | D:1      | Reached XP level 1. HP: 15/15 MP: 0/0
    54 | D:1      | Reached XP level 2. HP: 6/21 MP: 0/0
   775 | D:1      | Reached XP level 3. HP: 23/25 MP: 0/0
   775 | D:1      | Learned a level 1 spell: Animate Skeleton
   963 | D:1      | Found a faded altar of an unknown god.
   968 | D:1      | Reached skill level 4 in Spellcasting
  1644 | D:2      | Reached XP level 4. HP: 2/31 MP: 0/0
  2514 | D:2      | Noticed Terence
  3096 | D:2      | Reached XP level 5. HP: 25/35 MP: 0/0
  3096 | D:2      | Learned a level 2 spell: Call Imp
  3667 | D:2      | Killed Terence
  4042 | D:3      | Reached skill level 5 in Spellcasting
  5225 | D:4      | Noticed Eustachio
  5232 | D:4      | Reached XP level 6. HP: 21/40 MP: 0/0
  5576 | D:4      | HP: 1/40 [dart slug/slug dart (3)]
  6019 | D:4      | Killed Eustachio
  6020 | D:4      | Reached skill level 6 in Spellcasting
  6020 | D:4      | Reached XP level 7. HP: 14/45 MP: 0/0
  6020 | D:4      | Learned a level 3 spell: Confusing Touch
  6952 | D:5      | Entered Level 5 of the Dungeon
  6990 | D:5      | Reached skill level 7 in Spellcasting
  7065 | D:5      | Reached XP level 8. HP: 15/50 MP: 0/0
  7930 | D:5      | Reached skill level 8 in Spellcasting
  8191 | D:5      | Found Kypaino's Weapon Emporium.
  8442 | D:5      | HP: 1/50 [water moccasin (9)]
  8442 | D:5      | Slain by a water moccasin

Illustrated notes

Levels and vault maps discovered:
D:1:      tarquinn_simple_flora_water_c, layout_basic,
          hellmonk_ecumenical_altar_run_dry, minmay_tripent
D:2:      cheibrodos_greedy_goblins, layout_basic, serial_undead,
          serial_undead_b, serial_undead_d, serial_undead_f, serial_undead_a,
          uniq_terence
D:3:      layout_basic, minmay_between
D:4:      layout_cave_pools, uniq_eustachio
D:5:      layout_gridville, serial_shops, nicolae_stop_n_shop_1

Skill      XL: |  1  2  3  4  5  6  7  8 |
---------------+-------------------------+-----
Spellcasting   | 4 5 6 7 8 |  8.4
Dodging        | |  2.1
Stealth        | |  1.5

Action                   |  1- 3 |  4- 6 |  7- 9 || total
-------------------------+-------+-------+-------++-------
Melee: Hand axe          |    17 |    95 |    44 ||   156
 Cast: Magic Dart        |    51 |    24 |     6 ||    81
       Searing Ray       |     1 |     8 |    12 ||    21
       Iskenderun's Myst |       |     9 |    11 ||    20
       Call Imp          |       |     1 |       ||     1
       Fulminant Prism   |       |       |     4 ||     4
       Animate Skeleton  |       |       |     2 ||     2
  Use: Scroll            |     1 |     5 |       ||     6
       Potion            |       |     4 |       ||     4
 Stab: Sleeping          |     1 |     1 |       ||     2
Armor: Robe              |     2 |    13 |     3 ||    18
Dodge: Dodged            |    16 |    75 |    48 ||   139

Table legend: (Time is in decaauts)
 A = Elapsed time spent in this place.
 B = Non-inter-level travel time spent in this place.
 C = Inter-level travel time spent in this place.
 D = Time resting spent in this place.
 E = Time spent auto-exploring this place.
 F = Levels seen in this place.
 G = Mean time per level.
                   A        B        C        D        E       F      G
               +--------+--------+--------+--------+--------+-----+--------+
         Total |   8492 |   8317 |    175 |      0 |   7369 |   5 | 1698.4 |
       Dungeon |   8492 |   8317 |    175 |      0 |   7369 |   5 | 1698.4 |
               +--------+--------+--------+--------+--------+-----+--------+

Top non-repeatable levels by time:
     D:1: 2373 daAuts
     D:3: 1786 daAuts
     D:2: 1627 daAuts
     D:5: 1500 daAuts
     D:4: 1204 daAuts
